 Dungeon Crawl Stone Soup version 0.27-a0-242-ge0fc76b88b (webtiles) character file.

Game seed: 13870862407630773834

316 Borgoz the Slasher (level 6, -13/52 HPs)
             Began as a Ghoul Gladiator on Feb 2, 2021.
             Was an Initiate of Ashenzari.
             Splashed by Ijyb's acid (14 damage)
             ... on level 4 of the Dungeon.
             The game lasted 00:04:07 (3963 turns).

Borgoz the Slasher (Ghoul Gladiator)                Turns: 3963, Time: 00:04:07

Health: -13/52     AC:  4    Str: 18    XL:     6   Next: 44%
Magic:  5/5        EV: 13    Int:  3    God:    Ashenzari [......]
Gold:   135        SH:  0    Dex: 12    Spells: 5/5 levels left

rFire    . . .     SeeInvis .   a - +0 long sword
rCold    + . .     Faith    .   (no shield)
rNeg     + + +     Spirit   .   b - +0 leather armour
rPois    ∞         Reflect  .   c - +0 helmet
rElec    .         Harm     .   (no cloak)
rCorr    .         Rampage  .   (no gloves)
Will     .....                  (no boots)
Stlth    +.........             (no amulet)
HPRegen  0.00/turn              (no ring)
MPRegen  0.09/turn              (no ring)

@: no status effects
A: claws 1, cold resistance 1, negative energy resistance 3, inhibited
regeneration, torment resistance, unbreathing
a: Renounce Religion, Curse Item


You were on level 4 of the Dungeon.
You worshipped Ashenzari.
Ashenzari was noncommittal.
You visited 2 branches of the dungeon, and saw 5 of its levels.
You also visited: Ossuary.

You collected 135 gold pieces.

Inventory:

Hand Weapons
 a - a +0 long sword (weapon)
Armour
 b - a +0 leather armour (worn)
 c - a +0 helmet (worn)
Scrolls
 d - a scroll of fog {unknown}
 f - a scroll of fear {unknown}
 h - a scroll of amnesia {unknown}
 i - 8 scrolls of identify {unknown}
 j - 5 scrolls of remove curse
 m - a scroll of blinking {unknown}
 n - 2 scrolls of teleportation {unknown}
 p - a scroll of magic mapping {unknown}
 s - 3 scrolls of immolation {unknown}
 t - 7 scrolls of random uselessness {unknown}
 v - a scroll of noise {unknown}
Potions
 e - 2 potions of attraction {unknown}
 g - 2 potions of berserk rage {unknown}
 l - a potion of brilliance {unknown}
 o - 9 potions of degeneration {unknown}
 q - 4 potions of flight
 r - a potion of mutation {unknown}
 w - a potion of lignification {unknown}


   Skills:
 + Level 3.7 Fighting
 * Level 4.5 Long Blades
 - Level 1.7 Throwing
 + Level 2.2 Armour
 + Level 3.7 Dodging


You had 5 spell levels left.
You didn't know any spells.
Your spell library was empty.

Dungeon Overview and Level Annotations

Branches:
Dungeon (4/15)             Temple (1/1) D:4         Ossuary (visited)

Altars:
Ashenzari
Elyvilon
Fedhas
Kikubaaqudgha
Makhleb
Nemelex Xobeh
Okawaru
Vehumet
Xom
The Shining One

Annotations:
D:4 Ijyb


Innate Abilities, Weirdness & Mutations

You thrive by killing the living.
You are immune to poison.
You have sharp fingernails.
Your flesh is cold resistant. (rC+)
You are immune to negative energy. (rN+++)
You do not regenerate when monsters are visible.
You are immune to unholy pain and torment.
You can survive without breathing.


Message History

You feel better. Ijyb misses you.
You riposte.
You hit Ijyb.
Ijyb is heavily wounded.
You feel better. Ijyb misses you.
You closely miss Ijyb.
Ijyb is heavily wounded.
Ijyb zaps a wand.
The bolt of acid misses you.
Unknown command.
You closely miss Ijyb.
Ijyb is heavily wounded.
Ijyb completely misses you.
You riposte.
You barely miss Ijyb.
Ijyb is heavily wounded.
Okay, then.
You hit Ijyb.
Ijyb is severely wounded.
Ijyb hits you.
* * * LOW HITPOINT WARNING * * *
Ijyb zaps a wand.
The bolt of acid hits you!
* * * LOW HITPOINT WARNING * * *
You are splashed with acid!
You die...

#.# #.#
#.# #.#
#.# #.#
#.# #.#
#@#
......g..#
##########


You could see Ijyb.

Vanquished Creatures
  3 centaur zombies (Ossuary)
  A big kobold zombie (Ossuary)
  4 mummies (Ossuary)
  4 adders
  3 gnolls (D:2)
  A dart slug (D:3)
  4 leopard geckos
  5 orcs (D:3)
  10 bats
  4 giant cockroaches (D:2)
  A gnoll zombie (Ossuary)
  6 goblins
  8 hobgoblins
  4 jackals (D:2)
  10 kobolds
  2 quokkas (D:3)
  3 frilled lizards
  A goblin zombie (Ossuary)
  2 kobold zombies (Ossuary)
  A leopard gecko skeleton (D:2)
  5 rats
82 creatures vanquished.

Notes
Turn   | Place    | Note
-------+----------+-------------------------------------------
     0 | D:1      | Borgoz the Ghoul Gladiator began the quest for the Orb.
     0 | D:1      | Reached XP level 1. HP: 17/17 MP: 0/0
   441 | D:1      | Reached XP level 2. HP: 23/25 MP: 1/1
   489 | D:1      | Reached skill level 3 in Long Blades
   832 | D:2      | Reached XP level 3. HP: 20/30 MP: 2/2
   968 | D:2      | Reached skill level 1 in Armour
  1170 | D:2      | Reached XP level 4. HP: 37/37 MP: 3/3
  2380 | D:3      | Reached XP level 5. HP: 29/45 MP: 4/4
  2628 | D:3      | Found an iron altar of Okawaru.
  2939 | D:4      | Found a staircase to the Ecumenical Temple.
  2961 | Temple   | Entered the Ecumenical Temple
  3011 | Temple   | Became a worshipper of Ashenzari the Shackled
  3043 | D:4      | Found a sand-covered staircase.
  3047 | Ossuary  | Entered an ossuary
  3069 | Ossuary  | Reached skill level 4 in Long Blades
  3576 | Ossuary  | Reached XP level 6. HP: 36/51 MP: 5/5
  3948 | D:4      | Noticed Ijyb
  3958 | D:4      | HP: 2/52 [acid (14)]
  3963 | D:4      | HP: 1/52 [Ijyb/bolt of acid (10)]
  3963 | D:4      | Splashed by Ijyb's acid

Illustrated notes

Levels and vault maps discovered:
D:1:      dpeg_arrival_tiny_f, layout_loops_corners, corexii_corridor_pit
D:2:      layout_rooms, kennysheep_generic_room_9
D:3:      layout_rooms, minmay_misc_feat_chi, okawaru_trees_1
D:4:      layout_basic, lemuel_round_altar, nicolae_ru_the_path_less_chosen,
          minmay_temple_entry_butterflies, enter_ossuary_5, uniq_ijyb
Temple:   compressed_dpeg_triangle_lava_temple

Skill      XL: |  1  2  3  4  5 |
---------------+----------------+-----
Long Blades    | 3 4 |  4.5
Armour         | 1 2 |  2.2
Dodging        | 3 |  3.7
Fighting       | 3 |  3.7
Throwing       | |  1.7

Action                   |  1- 3 |  4- 6 || total
-------------------------+-------+-------++-------
Melee: Long sword        |   101 |   189 ||   290
Throw: Throwing net      |       |     6 ||     6
  Use: Potion            |       |     5 ||     5
 Stab: Held in net/web   |       |     2 ||     2
       Distracted        |       |     1 ||     1
Armor: Leather armour    |    79 |    36 ||   115
Dodge: Dodged            |    98 |   143 ||   241
       Rpst.: Long sword |    27 |    45 ||    72

Table legend: (Time is in decaauts)
 A = Elapsed time spent in this place.
 B = Non-inter-level travel time spent in this place.
 C = Inter-level travel time spent in this place.
 D = Time resting spent in this place.
 E = Time spent auto-exploring this place.
 F = Levels seen in this place.
 G = Mean time per level.
                   A        B        C        D        E       F      G
               +--------+--------+--------+--------+--------+-----+--------+
         Total |   4014 |   3956 |     58 |   1495 |   1613 |   6 |  669.0 |
       Dungeon |   3084 |   3036 |     48 |    902 |   1555 |   4 |  771.0 |
        Temple |     71 |     61 |     10 |      0 |      0 |   1 |   71.0 |
       Ossuary |    857 |    857 |      0 |    593 |     58 |   1 |  857.0 |
               +--------+--------+--------+--------+--------+-----+--------+

Top non-repeatable levels by time:
     D:1: 1269 daAuts
     D:2: 981 daAuts
 Ossuary: 857 daAuts
     D:3: 742 daAuts
     D:4: 91 daAuts
  Temple: 71 daAuts
